[ AOE2 MATCH · #483002561 ]
UnrankedMagyars vs Dravidians
[ REPLAY ANALYSIS · EXTRACTED FROM THE RECORDED GAME ]
Feudal
17:08
Castle
—
Imperial
—
| APM avg | 20.1 |
| APM peak | 40 |
| eAPM avg | 7.9 |
| Villagers / military | 31 / 28 |
Focus
⚔️ 25.5% · 🌾 74.5%
Fishing Ship ×22 · Scout Cavalry ×22 · Transport Ship ×4 · Fire Galley ×2 · Unknown (2626) ×1
Feudal
14:19
Castle
20:14
Imperial
—
| APM avg | 14.9 |
| APM peak | 44 |
| eAPM avg | 8.7 |
| Villagers / military | 55 / 38 |
Focus
⚔️ 27.9% · 🌾 72.1%
Archer ×26 · Fishing Ship ×14 · Urumi Swordsman ×4 · Armored Elephant ×4 · Spearman ×3 · Fire Galley ×1
Feudal
15:56
Castle
21:06
Imperial
—
| APM avg | 13.3 |
| APM peak | 31 |
| eAPM avg | 9.3 |
| Villagers / military | 77 / 5 |
Focus
⚔️ 27.4% · 🌾 72.6%
Fishing Ship ×25 · Skirmisher ×5
Feudal
18:47
Castle
27:02
Imperial
—
| APM avg | 17.5 |
| APM peak | 33 |
| eAPM avg | 10.7 |
| Villagers / military | 58 / 11 |
Focus
⚔️ 15.9% · 🌾 84.1%
Fishing Ship ×16 · Conquistador ×9 · Trade Cart ×6 · Fire Galley ×2
Feudal
15:56
Castle
25:12
Imperial
—
| APM avg | 12.4 |
| APM peak | 42 |
| eAPM avg | 7.0 |
| Villagers / military | 58 / 74 |
Focus
⚔️ 29.4% · 🌾 70.6%
Skirmisher ×32 · Mangudai ×24 · Fire Galley ×14 · Fishing Ship ×8 · Monk ×2 · Demolition Raft ×2
Feudal
13:53
Castle
21:28
Imperial
—
| APM avg | 25.1 |
| APM peak | 57 |
| eAPM avg | 9.8 |
| Villagers / military | 85 / 9 |
Focus
⚔️ 10.0% · 🌾 90.0%
Mangudai ×9
Feudal
16:20
Castle
21:02
Imperial
—
| APM avg | 20.4 |
| APM peak | 54 |
| eAPM avg | 9.9 |
| Villagers / military | 81 / 35 |
Focus
⚔️ 20.1% · 🌾 79.9%
Berserk ×23 · Skirmisher ×10 · Fishing Ship ×10 · Unknown (2626) ×10 · Longboat ×1 · Transport Ship ×1
Feudal
14:00
Castle
22:41
Imperial
—
| APM avg | 19.7 |
| APM peak | 36 |
| eAPM avg | 10.5 |
| Villagers / military | 85 / 8 |
Focus
⚔️ 13.6% · 🌾 86.4%
Unknown (2626) ×22 · Fishing Ship ×12 · Fire Galley ×3 · Spearman ×2 · Scout Cavalry ×2 · Transport Ship ×1
Match map
Initial resources + every placement click. Lines = walls · curves = elevation contours. ◆ gold · ⬟ stone · ● berries · ✦ relic · ◌ wall gap
Your base· Open — unwalled flank
alabataille's base· Open — 8t gap
S3r!ousLE3's base· Open — 6t gap
zeos0708's base· Open — unwalled flank
NOYAN's base· Open — unwalled flank
Azula's base· Open — unwalled flank
gazza17's base· Open — 9t gap
super duck's base· Open — 3t gap
Smoothed initial terrain · ◌ = detected wall gap · hover for details
Inputs per minute
— CamoTheWolf - - alabataille
Build order — CamoTheWolf
105 actions detected in the replay
| 0:27 | Build | Town Center |
| 2:08 | Build | House |
| 2:09 | Build | House |
| 3:01 | Create | Villager (Male) |
| 3:01 | Create | Villager (Male) |
| 3:01 | Create | Villager (Male) |
| 3:01 | Create | Villager (Male) |
| 3:01 | Create | Villager (Male) |
| 4:32 | Create | Villager (Male) |
| 4:33 | Create | Villager (Male) |
| 5:14 | Create | Villager (Male) |
| 5:14 | Create | Villager (Male) |
| 5:29 | Build | Dock |
| 5:45 | Create | Villager (Male) |
| 6:14 | Research | Loom |
| 6:15 | Create | Villager (Male) |
| 6:15 | Create | Villager (Male) |
| 6:21 | Build | House |
| 6:22 | Build | House |
| 6:45 | Create | Villager (Male) |
| 6:45 | Create | Villager (Male) |
| 7:48 | Create | Fishing Ship |
| 7:48 | Create | Fishing Ship |
| 7:57 | Create | Villager (Male) |
| 7:58 | Create | Villager (Male) |
| 8:27 | Create | Villager (Male) |
| 8:27 | Create | Villager (Male) |
| 9:08 | Create | Villager (Male) |
| 9:09 | Create | Villager (Male) |
| 9:11 | Create | Fishing Ship |
| 9:11 | Create | Fishing Ship |
| 9:33 | Create | Villager (Male) |
| 9:33 | Create | Villager (Male) |
| 9:50 | Create | Villager (Male) |
| 9:50 | Create | Villager (Male) |
| 9:50 | Create | Villager (Male) |
| 9:55 | Create | Fishing Ship |
| 9:55 | Create | Fishing Ship |
| 10:47 | Create | Fishing Ship |
| 11:04 | Build | Mill |
| 11:11 | Create | Villager (Male) |
| 11:12 | Create | Villager (Male) |
| 11:12 | Create | Villager (Male) |
| 11:36 | Create | Fishing Ship |
| 11:37 | Create | Fishing Ship |
| 11:37 | Create | Fishing Ship |
| 11:53 | Build | House |
| 11:54 | Build | House |
| 12:06 | Create | Fishing Ship |
| 12:44 | Build | Farm |
| 12:47 | Build | Farm |
| 12:52 | Build | House |
| 13:09 | Create | Fishing Ship |
| 13:09 | Create | Fishing Ship |
| 13:25 | Build | Palisade Wall |
| 13:41 | Create | Fishing Ship |
| 14:16 | Create | Fishing Ship |
| 14:37 | Build | Barracks |
| 14:53 | Create | Fishing Ship |
| 14:58 | Research | Feudal Age |
| 15:39 | Build | House |
| 15:40 | Build | House |
| 15:48 | Build | House |
| 15:56 | Create | Fishing Ship |
| 17:08 | Age | Feudal Age |
| 17:12 | Build | Watch Tower |
| 17:19 | Build | Watch Tower |
| 17:24 | Build | Stable |
| 17:37 | Build | Stable |
| 17:43 | Create | Villager (Male) |
| 17:44 | Create | Villager (Male) |
| 17:52 | Create | Fishing Ship |
| 17:52 | Create | Fishing Ship |
| 18:15 | Create | Scout Cavalry |
| 18:15 | Create | Scout Cavalry |
| 18:16 | Create | Scout Cavalry |
| 18:21 | Build | Mining Camp |
| 18:36 | Create | Scout Cavalry |
| 18:36 | Create | Scout Cavalry |
| 18:36 | Create | Scout Cavalry |
| 18:43 | Create | Villager (Male) |
| 19:00 | Build | Blacksmith |
| 19:05 | Create | Scout Cavalry ×5 |
| 19:32 | Create | Scout Cavalry |
| 20:03 | Create | Scout Cavalry ×2 |
| 20:09 | Build | Stone Wall |
| 20:42 | Create | Scout Cavalry ×2 |
| 20:42 | Create | Scout Cavalry ×2 |
| 21:08 | Build | Watch Tower |
| 21:14 | Create | Scout Cavalry |
| 21:14 | Create | Scout Cavalry |
| 21:20 | Create | Fishing Ship |
| 21:21 | Create | Fishing Ship |
| 21:21 | Create | Fishing Ship |
| 21:29 | Create | Scout Cavalry |
| 21:29 | Create | Scout Cavalry |
| 22:50 | Create | Fire Galley |
| 22:50 | Create | Fire Galley |
| 22:54 | Create | Unit 2626 |
| 23:22 | Build | Dock |
| 23:28 | Build | Dock |
| 24:01 | Create | Transport Ship |
| 24:01 | Create | Transport Ship |
| 24:01 | Create | Transport Ship |
| 24:01 | Create | Transport Ship |
Build order — alabataille
First 150 of 181 actions detected
| 0:24 | Build | Town Center |
| 1:00 | Build | Dock |
| 2:45 | Create | Villager (Male) |
| 2:45 | Create | Villager (Male) |
| 2:45 | Create | Villager (Male) |
| 2:46 | Create | Villager (Male) |
| 2:46 | Create | Villager (Male) |
| 3:40 | Create | Fishing Ship |
| 3:52 | Create | Villager (Male) |
| 3:54 | Research | Loom |
| 4:28 | Create | Fishing Ship |
| 4:38 | Build | House |
| 5:22 | Create | Fishing Ship |
| 5:39 | Create | Villager (Male) |
| 5:49 | Create | Fishing Ship |
| 6:00 | Build | House |
| 6:22 | Create | Villager (Male) |
| 6:28 | Create | Fishing Ship |
| 6:48 | Build | House |
| 6:50 | Create | Villager (Male) |
| 7:10 | Create | Fishing Ship |
| 7:21 | Build | House |
| 7:34 | Create | Villager (Male) |
| 7:46 | Create | Fishing Ship |
| 7:50 | Create | Villager (Male) |
| 8:04 | Create | Villager (Male) |
| 8:08 | Create | Fishing Ship |
| 8:22 | Create | Villager (Male) |
| 8:37 | Build | House |
| 8:45 | Create | Villager (Male) |
| 9:15 | Build | Dock |
| 9:18 | Create | Villager (Male) |
| 9:37 | Create | Villager (Male) |
| 9:56 | Build | Lumber Camp |
| 10:08 | Create | Villager (Male) |
| 10:41 | Create | Villager (Male) |
| 10:42 | Create | Villager (Male) |
| 10:55 | Create | Fishing Ship |
| 11:37 | Create | Villager (Male) |
| 11:58 | Research | Feudal Age |
| 12:25 | Build | House |
| 12:30 | Build | House |
| 12:57 | Build | Mining Camp |
| 13:08 | Create | Fishing Ship |
| 13:51 | Build | Dock |
| 14:19 | Age | Feudal Age |
| 14:20 | Create | Villager (Male) |
| 14:21 | Create | Villager (Male) |
| 14:24 | Research | Double-Bit Axe |
| 14:32 | Build | Blacksmith |
| 14:42 | Build | Mill |
| 14:51 | Create | Villager (Male) |
| 15:42 | Create | Fire Galley |
| 15:55 | Create | Villager (Male) |
| 16:13 | Build | Market |
| 16:23 | Create | Villager (Male) |
| 16:33 | Create | Villager (Male) |
| 17:25 | Build | House |
| 17:26 | Build | House |
| 17:27 | Build | House |
| 17:34 | Research | Castle Age |
| 18:24 | Build | Barracks |
| 18:34 | Research | Fletching |
| 18:35 | Research | Padded Archer Armor |
| 18:37 | Research | Scale Mail Armor |
| 18:37 | Research | Forging |
| 19:11 | Create | Fishing Ship |
| 19:12 | Create | Fishing Ship |
| 19:15 | Create | Fishing Ship |
| 19:16 | Create | Fishing Ship |
| 19:24 | Build | Farm |
| 19:25 | Build | Farm |
| 19:27 | Build | Farm |
| 19:28 | Build | Farm |
| 19:29 | Build | Farm |
| 19:33 | Research | Horse Collar |
| 19:40 | Build | Archery Range |
| 19:45 | Build | Archery Range |
| 19:52 | Build | Farm |
| 19:55 | Create | Spearman |
| 19:56 | Create | Spearman |
| 19:56 | Create | Spearman |
| 20:14 | Age | Castle Age |
| 20:30 | Create | Villager (Male) |
| 20:30 | Create | Villager (Male) |
| 20:31 | Create | Villager (Male) |
| 20:46 | Build | Town Center |
| 20:58 | Research | Crossbowman (upgrade) |
| 21:02 | Research | Bodkin Arrow |
| 21:07 | Create | Villager (Male) |
| 21:08 | Create | Villager (Male) |
| 21:13 | Research | Heavy Plow |
| 21:16 | Research | Bow Saw |
| 21:42 | Create | Archer |
| 21:42 | Create | Archer |
| 21:43 | Create | Archer |
| 21:49 | Create | Villager (Male) |
| 22:06 | Build | Farm |
| 22:07 | Create | Villager (Male) |
| 22:08 | Create | Villager (Male) |
| 22:28 | Research | Wheelbarrow |
| 22:29 | Create | Villager (Male) |
| 22:30 | Create | Villager (Male) |
| 22:33 | Create | Archer |
| 22:34 | Create | Archer |
| 22:34 | Create | Archer |
| 22:54 | Create | Archer |
| 22:54 | Create | Archer |
| 22:55 | Create | Villager (Male) |
| 22:56 | Create | Villager (Male) |
| 24:13 | Build | Town Center |
| 24:38 | Build | Town Center |
| 24:52 | Research | Hand Cart |
| 24:59 | Create | Archer |
| 25:00 | Create | Archer |
| 25:00 | Create | Archer |
| 25:00 | Create | Archer |
| 25:01 | Create | Archer |
| 25:01 | Create | Archer |
| 25:01 | Create | Archer |
| 25:07 | Create | Villager (Male) |
| 25:07 | Create | Villager (Male) |
| 25:07 | Create | Villager (Male) |
| 25:08 | Create | Villager (Male) |
| 25:08 | Create | Villager (Male) |
| 25:08 | Create | Villager (Male) |
| 25:43 | Create | Villager (Male) |
| 25:44 | Create | Villager (Male) |
| 25:44 | Create | Villager (Male) |
| 25:45 | Create | Villager (Male) |
| 25:45 | Create | Villager (Male) |
| 25:45 | Create | Villager (Male) |
| 25:46 | Create | Villager (Male) |
| 25:46 | Create | Villager (Male) |
| 25:53 | Build | House |
| 25:55 | Build | House |
| 25:57 | Build | House |
| 26:01 | Build | House |
| 26:04 | Build | House |
| 26:05 | Build | House |
| 26:06 | Build | House |
| 26:13 | Research | Town Watch |
| 26:16 | Create | Villager (Male) |
| 26:17 | Create | Villager (Male) |
| 26:17 | Create | Villager (Male) |
| 27:19 | Research | Thumb Ring |
| 27:35 | Research | Leather Archer Armor |
| 28:43 | Build | Siege Workshop |
| 28:50 | Build | Lumber Camp |
| 29:00 | Build | Castle |
Build order — S3r!ousLE3
129 actions detected in the replay
| 0:45 | Build | Town Center |
| 3:21 | Build | Dock |
| 3:31 | Create | Villager (Male) ×4 |
| 4:00 | Build | House |
| 4:01 | Build | House |
| 4:12 | Research | Loom |
| 4:13 | Create | Villager (Male) ×2 |
| 4:24 | Create | Villager (Male) |
| 4:48 | Create | Fishing Ship |
| 5:12 | Research | Loom |
| 5:44 | Create | Villager (Male) |
| 5:53 | Create | Fishing Ship |
| 6:10 | Create | Villager (Male) |
| 6:47 | Create | Villager (Male) |
| 6:51 | Create | Fishing Ship |
| 7:09 | Create | Villager (Male) |
| 7:21 | Build | House |
| 7:23 | Build | House |
| 7:49 | Create | Villager (Male) |
| 7:52 | Create | Fishing Ship |
| 8:15 | Create | Villager (Male) |
| 8:21 | Build | House |
| 8:25 | Create | Villager (Male) |
| 8:39 | Create | Fishing Ship |
| 8:52 | Create | Villager (Male) |
| 9:23 | Build | House |
| 9:25 | Build | Palisade Wall |
| 9:28 | Build | Palisade Wall |
| 9:36 | Create | Villager (Male) ×2 |
| 9:57 | Build | Dock |
| 10:09 | Create | Fishing Ship |
| 10:21 | Create | Villager (Male) ×2 |
| 10:32 | Create | Villager (Male) |
| 11:36 | Build | Lumber Camp |
| 11:40 | Create | Villager (Male) |
| 11:42 | Create | Villager (Male) |
| 11:49 | Create | Fishing Ship |
| 11:50 | Create | Fishing Ship |
| 11:54 | Create | Fishing Ship |
| 12:03 | Create | Villager (Male) |
| 12:15 | Create | Villager (Male) |
| 12:19 | Build | Mill |
| 12:38 | Create | Villager (Male) |
| 12:43 | Build | House |
| 13:26 | Build | Mill |
| 13:34 | Research | Feudal Age |
| 13:45 | Build | Palisade Gate |
| 13:46 | Build | House |
| 13:52 | Build | Palisade Wall |
| 14:09 | Build | Mining Camp |
| 14:17 | Build | House |
| 14:19 | Build | House |
| 14:43 | Create | Villager (Male) |
| 14:43 | Create | Villager (Male) |
| 14:47 | Create | Fishing Ship |
| 14:47 | Create | Fishing Ship |
| 15:27 | Create | Villager (Male) |
| 15:53 | Build | House |
| 15:56 | Age | Feudal Age |
| 15:57 | Build | House |
| 16:02 | Build | Palisade Wall |
| 16:03 | Build | Palisade Wall |
| 16:12 | Research | Town Watch |
| 16:14 | Research | Double-Bit Axe |
| 16:17 | Research | Gold Mining |
| 16:28 | Build | Market |
| 16:44 | Research | Tech 906 |
| 16:45 | Create | Fishing Ship |
| 16:51 | Create | Villager (Male) |
| 16:59 | Build | Blacksmith |
| 17:02 | Build | House |
| 17:03 | Build | Palisade Wall |
| 17:06 | Build | Palisade Wall |
| 17:11 | Build | Palisade Wall |
| 17:27 | Create | Villager (Male) |
| 17:43 | Build | Palisade Gate |
| 17:50 | Build | House |
| 17:57 | Build | House |
| 18:06 | Research | Castle Age |
| 18:23 | Build | Dock |
| 18:33 | Build | Barracks |
| 18:46 | Build | House |
| 18:50 | Build | House |
| 18:55 | Build | House |
| 19:00 | Build | Palisade Gate |
| 19:05 | Build | Palisade Wall |
| 19:54 | Build | Dock |
| 20:01 | Create | Fishing Ship |
| 20:05 | Create | Fishing Ship |
| 20:10 | Create | Fishing Ship |
| 20:16 | Create | Villager (Male) |
| 21:06 | Age | Castle Age |
| 21:09 | Build | Town Center |
| 21:36 | Build | Town Center |
| 21:42 | Research | Horse Collar |
| 21:43 | Research | Bow Saw |
| 21:46 | Create | Villager (Male) |
| 21:48 | Research | Town Patrol |
| 21:49 | Create | Villager (Male) ×5 |
| 21:55 | Research | Fletching |
| 21:56 | Research | Scale Mail Armor |
| 22:49 | Build | Watch Tower |
| 23:32 | Create | Villager (Male) ×5 |
| 23:32 | Create | Villager (Male) ×5 |
| 23:33 | Create | Villager (Male) |
| 24:04 | Build | Dock |
| 24:16 | Build | Watch Tower |
| 24:24 | Build | University |
| 24:31 | Create | Villager (Male) ×4 |
| 24:53 | Create | Villager (Male) ×2 |
| 25:14 | Build | Watch Tower |
| 25:22 | Build | Dock |
| 25:33 | Research | Gillnets |
| 25:34 | Create | Fishing Ship ×5 |
| 25:36 | Create | Fishing Ship ×5 |
| 25:45 | Research | Guard Tower (upgrade) |
| 25:55 | Research | Bodkin Arrow |
| 26:37 | Create | Villager (Male) ×5 |
| 26:37 | Create | Villager (Male) ×5 |
| 26:37 | Create | Villager (Male) ×3 |
| 26:45 | Build | Town Center |
| 26:54 | Build | Stone Wall |
| 26:59 | Build | Stone Wall |
| 27:23 | Create | Villager (Male) ×5 |
| 27:24 | Create | Villager (Male) ×5 |
| 27:28 | Build | Archery Range |
| 27:29 | Build | Archery Range |
| 27:31 | Build | Archery Range |
| 28:08 | Create | Skirmisher ×5 |
Build order — zeos0708
137 actions detected in the replay
| 1:01 | Build | Town Center |
| 3:14 | Build | House |
| 3:16 | Create | Villager (Male) |
| 3:16 | Create | Villager (Male) |
| 3:16 | Create | Villager (Male) |
| 3:17 | Create | Villager (Male) |
| 3:39 | Build | House |
| 4:44 | Research | Loom |
| 4:48 | Create | Villager (Male) |
| 5:41 | Create | Villager (Male) |
| 5:44 | Create | Villager (Male) |
| 6:10 | Create | Villager (Male) |
| 6:11 | Create | Villager (Male) |
| 6:47 | Create | Villager (Male) |
| 6:47 | Create | Villager (Male) |
| 7:51 | Create | Villager (Male) |
| 7:51 | Create | Villager (Male) |
| 8:06 | Build | House |
| 9:16 | Build | House |
| 9:59 | Build | Dock |
| 10:57 | Create | Villager (Male) |
| 11:33 | Create | Villager (Male) |
| 11:39 | Create | Villager (Male) |
| 11:39 | Create | Villager (Male) |
| 11:47 | Create | Fishing Ship |
| 11:48 | Create | Fishing Ship |
| 12:04 | Create | Fishing Ship |
| 12:09 | Create | Fishing Ship |
| 12:14 | Create | Villager (Male) |
| 12:26 | Create | Fishing Ship |
| 12:54 | Create | Villager (Male) |
| 12:57 | Create | Fishing Ship |
| 13:22 | Create | Villager (Male) |
| 13:23 | Create | Fishing Ship |
| 13:31 | Build | Mill |
| 13:49 | Create | Villager (Male) |
| 13:51 | Create | Fishing Ship |
| 14:11 | Build | Lumber Camp |
| 14:21 | Build | Farm |
| 15:03 | Create | Villager (Male) |
| 15:28 | Create | Fishing Ship |
| 15:59 | Build | House |
| 16:18 | Build | Mining Camp |
| 16:37 | Research | Feudal Age |
| 16:48 | Build | Outpost |
| 17:11 | Create | Fishing Ship |
| 17:20 | Build | Outpost |
| 17:55 | Build | Farm |
| 18:00 | Build | Farm |
| 18:02 | Create | Fishing Ship |
| 18:31 | Build | House |
| 18:47 | Age | Feudal Age |
| 18:53 | Research | Town Watch |
| 18:53 | Research | Town Watch |
| 18:56 | Research | Double-Bit Axe |
| 18:58 | Create | Villager (Male) |
| 18:58 | Create | Villager (Male) |
| 19:04 | Create | Fire Galley |
| 19:14 | Build | Market |
| 19:16 | Create | Villager (Male) |
| 19:16 | Create | Villager (Male) |
| 19:24 | Build | Farm |
| 19:46 | Create | Villager (Male) |
| 20:11 | Build | Blacksmith |
| 20:12 | Create | Villager (Male) |
| 20:15 | Create | Villager (Male) |
| 20:20 | Create | Fire Galley |
| 21:10 | Build | Palisade Wall |
| 21:35 | Create | Villager (Male) |
| 23:06 | Create | Fishing Ship |
| 23:06 | Create | Fishing Ship |
| 23:18 | Research | Fletching |
| 23:30 | Create | Villager (Male) |
| 23:31 | Create | Villager (Male) |
| 24:08 | Create | Villager (Male) |
| 24:20 | Research | Castle Age |
| 25:25 | Research | Stone Mining |
| 25:25 | Research | Stone Mining |
| 25:30 | Research | Gold Mining |
| 25:30 | Research | Gold Mining |
| 25:33 | Create | Fishing Ship |
| 26:17 | Create | Fishing Ship |
| 27:02 | Age | Castle Age |
| 27:11 | Build | Castle |
| 27:14 | Create | Villager (Male) |
| 27:14 | Create | Villager (Male) |
| 27:36 | Create | Villager (Male) |
| 27:36 | Create | Villager (Male) |
| 27:55 | Create | Villager (Male) |
| 27:56 | Create | Villager (Male) |
| 27:56 | Create | Villager (Male) |
| 28:31 | Create | Conquistador |
| 28:37 | Create | Villager (Male) |
| 28:52 | Create | Conquistador |
| 29:04 | Create | Villager (Male) |
| 29:50 | Build | Farm |
| 29:51 | Create | Villager (Male) |
| 30:08 | Create | Conquistador |
| 30:28 | Create | Conquistador |
| 30:30 | Create | Villager (Male) |
| 30:44 | Create | Villager (Male) |
| 31:16 | Create | Conquistador |
| 31:18 | Create | Villager (Male) |
| 31:19 | Create | Villager (Male) |
| 31:24 | Research | Bow Saw |
| 31:24 | Research | Bow Saw |
| 31:30 | Build | Farm |
| 31:31 | Create | Villager (Male) |
| 31:31 | Create | Villager (Male) |
| 31:47 | Create | Villager (Male) |
| 32:00 | Build | Farm |
| 32:20 | Create | Conquistador |
| 32:28 | Create | Trade Cart |
| 32:31 | Create | Villager (Male) |
| 32:48 | Create | Conquistador |
| 32:50 | Create | Villager (Male) |
| 33:01 | Create | Villager (Male) |
| 33:28 | Create | Villager (Male) |
| 33:37 | Build | House |
| 33:37 | Build | House |
| 33:48 | Create | Villager (Male) |
| 33:49 | Create | Trade Cart |
| 33:50 | Create | Conquistador |
| 34:07 | Create | Conquistador |
| 34:08 | Create | Villager (Male) |
| 34:15 | Research | Wheelbarrow |
| 34:26 | Build | Town Center |
| 34:30 | Create | Trade Cart |
| 34:33 | Create | Trade Cart |
| 34:36 | Create | Fishing Ship |
| 34:43 | Create | Villager (Male) |
| 34:44 | Create | Trade Cart |
| 34:59 | Build | House |
| 35:00 | Build | House |
| 35:02 | Build | House |
| 35:05 | Create | Trade Cart |
| 35:06 | Create | Villager (Male) |
Build order — NOYAN
First 150 of 161 actions detected
| 1:17 | Build | Town Center |
| 2:42 | Build | House |
| 3:04 | Build | Mill |
| 3:41 | Create | Villager (Male) |
| 3:41 | Create | Villager (Male) |
| 3:42 | Create | Villager (Male) |
| 3:42 | Create | Villager (Male) |
| 3:42 | Create | Villager (Male) |
| 4:48 | Create | Villager (Male) |
| 4:49 | Create | Villager (Male) |
| 5:46 | Create | Villager (Male) |
| 6:06 | Create | Villager (Male) |
| 6:16 | Build | House |
| 6:20 | Build | House |
| 6:27 | Build | House |
| 6:30 | Create | Villager (Male) |
| 6:37 | Create | Villager (Male) |
| 6:55 | Create | Villager (Male) |
| 7:20 | Create | Villager (Male) |
| 7:27 | Create | Villager (Male) |
| 7:49 | Create | Villager (Male) |
| 8:12 | Create | Villager (Male) |
| 8:31 | Create | Villager (Male) |
| 8:42 | Create | Villager (Male) |
| 8:42 | Create | Villager (Male) |
| 9:11 | Create | Villager (Male) |
| 9:43 | Create | Villager (Male) |
| 10:05 | Create | Villager (Male) |
| 10:14 | Create | Villager (Male) |
| 10:43 | Create | Villager (Male) |
| 10:49 | Build | Dock |
| 10:57 | Create | Villager (Male) |
| 11:15 | Create | Villager (Male) |
| 11:33 | Build | Farm |
| 11:34 | Build | Farm |
| 11:35 | Build | Farm |
| 11:45 | Create | Fishing Ship |
| 11:45 | Create | Fishing Ship |
| 12:10 | Create | Fishing Ship |
| 12:26 | Build | Farm |
| 12:53 | Build | Lumber Camp |
| 13:16 | Create | Villager (Male) |
| 13:46 | Research | Feudal Age |
| 13:46 | Research | Feudal Age |
| 13:46 | Research | Feudal Age |
| 13:54 | Create | Fishing Ship |
| 13:54 | Create | Fishing Ship |
| 13:57 | Create | Fishing Ship |
| 14:20 | Build | House |
| 14:21 | Build | House |
| 14:23 | Build | House |
| 14:26 | Build | House |
| 14:47 | Build | House |
| 14:49 | Build | House |
| 14:51 | Build | House |
| 14:53 | Build | House |
| 14:53 | Build | House |
| 15:01 | Create | Villager (Male) ×5 |
| 15:02 | Create | Villager (Male) ×5 |
| 15:13 | Create | Fishing Ship |
| 15:16 | Create | Fishing Ship |
| 15:39 | Build | Farm |
| 15:44 | Build | Farm |
| 15:56 | Age | Feudal Age |
| 16:00 | Research | Tech 906 |
| 16:42 | Build | Dock |
| 17:30 | Build | Mining Camp |
| 17:49 | Build | Barracks |
| 18:06 | Create | Villager (Male) ×5 |
| 18:18 | Build | Farm |
| 18:22 | Build | Farm |
| 18:23 | Build | Farm |
| 18:29 | Build | Farm |
| 18:33 | Build | Farm |
| 18:35 | Build | Farm |
| 18:39 | Build | Farm |
| 18:59 | Create | Fire Galley |
| 18:59 | Create | Fire Galley |
| 19:12 | Create | Fire Galley |
| 19:12 | Create | Fire Galley |
| 19:18 | Create | Fire Galley |
| 19:18 | Create | Fire Galley |
| 19:59 | Create | Villager (Male) |
| 19:59 | Create | Villager (Male) |
| 20:08 | Build | Blacksmith |
| 20:14 | Create | Fire Galley |
| 20:18 | Create | Fire Galley |
| 21:04 | Build | Market |
| 21:17 | Create | Villager (Male) |
| 21:17 | Create | Villager (Male) |
| 21:17 | Create | Villager (Male) |
| 21:21 | Build | Farm |
| 21:34 | Build | Farm |
| 21:35 | Build | Farm |
| 21:37 | Build | Farm |
| 21:51 | Research | Castle Age |
| 22:57 | Research | Stone Mining |
| 23:07 | Research | Horse Collar |
| 23:09 | Research | Double-Bit Axe |
| 23:13 | Create | Demolition Raft |
| 23:14 | Create | Demolition Raft |
| 23:37 | Research | Gold Mining |
| 23:56 | Research | Wheelbarrow |
| 23:58 | Create | Villager (Male) |
| 23:58 | Create | Villager (Male) |
| 23:59 | Build | Farm |
| 23:59 | Build | Farm |
| 25:12 | Age | Castle Age |
| 25:34 | Research | Heavy Plow |
| 25:35 | Research | Bow Saw |
| 25:40 | Create | Villager (Male) |
| 25:40 | Create | Villager (Male) |
| 25:49 | Research | War Galley (upgrade) |
| 25:51 | Research | Gillnets |
| 26:45 | Build | Castle |
| 27:00 | Build | Monastery |
| 27:05 | Build | University |
| 27:46 | Create | Monk |
| 27:46 | Create | Monk |
| 27:51 | Create | Villager (Male) |
| 27:51 | Create | Villager (Male) |
| 28:58 | Create | Fire Galley |
| 28:59 | Create | Fire Galley |
| 29:04 | Create | Fire Galley |
| 29:04 | Create | Fire Galley |
| 29:09 | Research | Forging |
| 29:11 | Research | Fletching |
| 29:47 | Create | Fire Galley |
| 29:47 | Create | Fire Galley |
| 29:58 | Create | Mangudai |
| 29:58 | Create | Mangudai |
| 29:58 | Create | Mangudai |
| 29:58 | Create | Mangudai |
| 29:59 | Create | Mangudai |
| 30:01 | Create | Mangudai |
| 30:01 | Create | Mangudai |
| 30:26 | Build | Archery Range |
| 30:27 | Build | Archery Range |
| 30:48 | Create | Mangudai |
| 30:49 | Create | Mangudai |
| 30:49 | Create | Mangudai |
| 31:02 | Build | Archery Range |
| 31:13 | Research | Padded Archer Armor |
| 31:13 | Research | Bodkin Arrow |
| 31:18 | Create | Mangudai |
| 31:18 | Create | Mangudai |
| 31:58 | Research | Elite Skirmisher (upgrade) |
| 32:01 | Create | Skirmisher ×5 |
| 32:06 | Create | Skirmisher |
| 32:09 | Create | Skirmisher ×5 |
Build order — Azula
First 150 of 172 actions detected
| 1:15 | Build | Town Center |
| 3:11 | Create | Villager (Male) |
| 3:11 | Create | Villager (Male) |
| 3:11 | Create | Villager (Male) |
| 3:12 | Create | Villager (Male) |
| 3:15 | Build | House |
| 4:17 | Create | Villager (Male) |
| 4:17 | Create | Villager (Male) |
| 4:55 | Create | Villager (Male) |
| 4:55 | Create | Villager (Male) |
| 5:22 | Create | Villager (Male) |
| 5:22 | Create | Villager (Male) |
| 5:25 | Build | House |
| 5:45 | Create | Villager (Male) |
| 5:45 | Create | Villager (Male) |
| 6:13 | Create | Villager (Male) |
| 6:20 | Build | Mill |
| 6:25 | Create | Villager (Male) |
| 6:25 | Create | Villager (Male) |
| 6:37 | Build | House |
| 6:58 | Create | Villager (Male) |
| 6:58 | Create | Villager (Male) |
| 7:49 | Build | Palisade Wall |
| 7:53 | Create | Villager (Male) |
| 7:53 | Create | Villager (Male) |
| 7:53 | Create | Villager (Male) |
| 8:33 | Create | Villager (Male) |
| 8:33 | Create | Villager (Male) |
| 8:33 | Create | Villager (Male) |
| 9:01 | Create | Villager (Male) |
| 9:01 | Create | Villager (Male) |
| 9:08 | Create | Villager (Male) |
| 10:36 | Build | Barracks |
| 10:43 | Research | Loom |
| 11:43 | Research | Feudal Age |
| 11:43 | Research | Feudal Age |
| 11:43 | Research | Feudal Age |
| 11:47 | Build | House |
| 11:48 | Build | House |
| 11:49 | Build | House |
| 11:50 | Build | House |
| 11:52 | Build | House |
| 11:52 | Build | House |
| 13:30 | Build | Mill |
| 13:38 | Build | Mill |
| 13:53 | Age | Feudal Age |
| 14:02 | Create | Villager (Male) |
| 14:02 | Create | Villager (Male) |
| 14:02 | Create | Villager (Male) |
| 14:02 | Create | Villager (Male) |
| 14:02 | Create | Villager (Male) |
| 14:08 | Create | Villager (Male) |
| 14:28 | Build | Lumber Camp |
| 14:35 | Build | Farm |
| 14:38 | Build | Farm |
| 14:39 | Build | Farm |
| 15:08 | Research | Double-Bit Axe |
| 15:19 | Build | Farm |
| 15:53 | Build | Mining Camp |
| 16:07 | Build | Mining Camp |
| 16:14 | Create | Villager (Male) |
| 16:14 | Create | Villager (Male) |
| 16:14 | Create | Villager (Male) |
| 16:15 | Create | Villager (Male) |
| 16:15 | Create | Villager (Male) |
| 16:27 | Build | Blacksmith |
| 16:51 | Build | Market |
| 17:28 | Build | Mining Camp |
| 18:48 | Research | Castle Age |
| 19:53 | Build | Archery Range |
| 20:09 | Build | Palisade Gate |
| 20:28 | Build | Farm |
| 20:30 | Build | Farm |
| 20:31 | Research | Horse Collar |
| 20:36 | Build | Farm |
| 20:37 | Build | Farm |
| 20:38 | Build | Farm |
| 21:15 | Build | Farm |
| 21:28 | Age | Castle Age |
| 21:47 | Create | Villager (Male) |
| 21:47 | Create | Villager (Male) |
| 21:47 | Create | Villager (Male) |
| 21:48 | Create | Villager (Male) |
| 21:48 | Create | Villager (Male) |
| 22:01 | Build | Castle |
| 22:15 | Create | Villager (Male) |
| 22:15 | Create | Villager (Male) |
| 22:16 | Create | Villager (Male) |
| 22:22 | Build | Farm |
| 22:42 | Research | Gold Mining |
| 23:10 | Create | Villager (Male) |
| 23:12 | Build | Farm |
| 23:15 | Build | Farm |
| 23:16 | Create | Villager (Male) |
| 23:16 | Create | Villager (Male) |
| 23:17 | Create | Villager (Male) |
| 23:35 | Build | Farm |
| 23:36 | Create | Villager (Male) |
| 23:37 | Create | Villager (Male) |
| 23:43 | Research | Man-at-Arms (upgrade) |
| 24:16 | Build | Farm |
| 24:43 | Research | Crossbowman (upgrade) |
| 25:15 | Research | Bow Saw |
| 25:22 | Build | Town Center |
| 25:25 | Create | Villager (Male) |
| 25:25 | Create | Villager (Male) |
| 25:34 | Create | Mangudai |
| 25:34 | Create | Mangudai |
| 25:34 | Create | Mangudai |
| 25:38 | Create | Villager (Male) |
| 25:39 | Create | Villager (Male) |
| 25:39 | Create | Villager (Male) |
| 25:50 | Create | Mangudai |
| 25:50 | Create | Mangudai |
| 25:58 | Create | Mangudai |
| 26:27 | Create | Mangudai |
| 26:40 | Research | Padded Archer Armor |
| 26:48 | Create | Villager (Male) |
| 26:48 | Create | Villager (Male) |
| 26:57 | Build | Farm |
| 27:05 | Create | Mangudai |
| 27:06 | Create | Mangudai |
| 27:46 | Create | Villager (Male) |
| 27:46 | Create | Villager (Male) |
| 27:57 | Create | Villager (Male) |
| 27:57 | Create | Villager (Male) |
| 27:57 | Create | Villager (Male) |
| 27:58 | Create | Villager (Male) |
| 28:03 | Build | Stone Wall |
| 29:10 | Create | Villager (Male) |
| 29:10 | Create | Villager (Male) |
| 29:12 | Create | Villager (Male) |
| 29:12 | Create | Villager (Male) |
| 29:14 | Create | Villager (Male) |
| 29:32 | Create | Villager (Male) |
| 29:33 | Create | Villager (Male) |
| 29:47 | Research | Stone Mining |
| 29:51 | Research | Gold Shaft Mining |
| 30:50 | Research | Leather Archer Armor |
| 31:00 | Build | Stone Wall |
| 31:18 | Create | Villager (Male) |
| 31:18 | Create | Villager (Male) |
| 31:21 | Create | Villager (Male) |
| 31:21 | Create | Villager (Male) |
| 31:38 | Build | House |
| 31:39 | Build | House |
| 31:39 | Build | House |
| 31:40 | Build | House |
| 31:41 | Build | House |
| 31:42 | Build | House |
Build order — gazza17
First 150 of 179 actions detected
| 1:58 | Build | Town Center |
| 3:10 | Build | House |
| 4:15 | Create | Villager (Male) |
| 4:15 | Create | Villager (Male) |
| 4:15 | Create | Villager (Male) |
| 4:16 | Create | Villager (Male) |
| 4:16 | Create | Villager (Male) |
| 5:30 | Create | Villager (Male) |
| 5:30 | Create | Villager (Male) |
| 5:59 | Create | Villager (Male) |
| 5:59 | Create | Villager (Male) |
| 5:59 | Create | Villager (Male) |
| 6:26 | Build | House |
| 7:06 | Create | Villager (Male) |
| 7:07 | Create | Villager (Male) |
| 7:24 | Build | Dock |
| 7:37 | Create | Villager (Male) |
| 7:38 | Create | Villager (Male) |
| 7:38 | Create | Villager (Male) |
| 8:05 | Create | Fishing Ship |
| 8:05 | Create | Fishing Ship |
| 8:37 | Create | Villager (Male) |
| 8:37 | Create | Villager (Male) |
| 9:01 | Create | Villager (Male) |
| 9:01 | Create | Villager (Male) |
| 9:01 | Create | Villager (Male) |
| 9:02 | Create | Villager (Male) |
| 9:02 | Create | Villager (Male) |
| 9:02 | Create | Villager (Male) |
| 9:23 | Build | House |
| 9:32 | Create | Villager (Male) |
| 9:58 | Create | Fishing Ship |
| 9:59 | Create | Fishing Ship |
| 10:22 | Create | Villager (Male) |
| 10:23 | Create | Villager (Male) |
| 11:00 | Build | Mill |
| 11:22 | Build | House |
| 11:24 | Build | House |
| 11:50 | Create | Fishing Ship |
| 11:50 | Create | Fishing Ship |
| 11:51 | Create | Fishing Ship |
| 12:18 | Create | Villager (Male) |
| 12:18 | Create | Villager (Male) |
| 12:18 | Create | Villager (Male) |
| 12:19 | Create | Villager (Male) |
| 12:19 | Create | Villager (Male) |
| 12:19 | Create | Villager (Male) |
| 12:19 | Create | Villager (Male) |
| 12:20 | Create | Villager (Male) |
| 12:40 | Create | Fishing Ship |
| 13:26 | Build | Barracks |
| 13:34 | Build | Palisade Wall |
| 14:10 | Research | Feudal Age |
| 14:28 | Build | Lumber Camp |
| 14:38 | Build | House |
| 14:48 | Create | Fishing Ship |
| 15:45 | Build | Mining Camp |
| 15:53 | Build | House |
| 15:54 | Build | House |
| 16:02 | Create | Villager (Male) |
| 16:02 | Create | Villager (Male) |
| 16:03 | Create | Villager (Male) |
| 16:13 | Create | Fishing Ship |
| 16:20 | Age | Feudal Age |
| 16:29 | Research | Loom |
| 16:42 | Build | Archery Range |
| 16:52 | Build | Palisade Gate |
| 17:20 | Build | Stable |
| 17:39 | Build | House |
| 17:40 | Build | House |
| 18:02 | Create | Transport Ship |
| 18:22 | Research | Castle Age |
| 18:30 | Research | Stone Mining |
| 18:42 | Build | House |
| 19:10 | Build | Palisade Wall |
| 19:13 | Build | Palisade Wall |
| 19:54 | Research | Double-Bit Axe |
| 20:33 | Create | Villager (Male) |
| 20:33 | Create | Villager (Male) |
| 20:37 | Research | Horse Collar |
| 21:02 | Age | Castle Age |
| 21:14 | Create | Villager (Male) |
| 21:14 | Create | Villager (Male) |
| 21:25 | Build | Castle |
| 21:32 | Build | House |
| 21:37 | Build | Farm |
| 21:45 | Build | Farm |
| 21:46 | Build | Farm |
| 21:48 | Build | Farm |
| 22:05 | Build | Town Center |
| 22:15 | Build | Farm |
| 22:45 | Build | Farm |
| 22:46 | Create | Villager (Male) |
| 23:04 | Create | Longboat |
| 23:05 | Create | Unit 2626 ×5 |
| 23:05 | Create | Unit 2626 ×5 |
| 23:32 | Create | Villager (Male) |
| 23:32 | Create | Villager (Male) |
| 23:32 | Create | Villager (Male) |
| 23:36 | Create | Villager (Male) |
| 23:36 | Create | Villager (Male) |
| 23:37 | Create | Villager (Male) |
| 23:52 | Build | Blacksmith |
| 24:16 | Build | Mining Camp |
| 24:30 | Create | Berserk |
| 24:31 | Create | Villager (Male) |
| 24:31 | Create | Villager (Male) |
| 24:31 | Create | Villager (Male) |
| 24:31 | Create | Villager (Male) |
| 25:01 | Research | Fletching |
| 25:11 | Build | Farm |
| 25:13 | Build | Farm |
| 25:19 | Build | Farm |
| 25:25 | Build | Farm |
| 25:44 | Research | Gold Mining |
| 25:52 | Create | Villager (Male) |
| 25:52 | Create | Villager (Male) |
| 26:01 | Build | Farm |
| 26:04 | Build | Farm |
| 26:21 | Research | Heavy Plow |
| 26:45 | Create | Villager (Male) |
| 26:45 | Create | Villager (Male) |
| 26:46 | Create | Villager (Male) |
| 26:47 | Create | Villager (Male) |
| 26:57 | Build | Farm |
| 27:00 | Build | Farm |
| 27:42 | Build | Mining Camp |
| 27:49 | Research | Bodkin Arrow |
| 27:58 | Build | University |
| 28:00 | Build | House |
| 28:01 | Build | House |
| 28:04 | Create | Villager (Male) |
| 28:04 | Create | Villager (Male) |
| 28:05 | Create | Villager (Male) |
| 28:06 | Create | Villager (Male) |
| 28:06 | Create | Villager (Male) |
| 28:07 | Create | Villager (Male) |
| 28:10 | Build | Farm |
| 29:23 | Create | Berserk ×5 |
| 29:23 | Create | Berserk ×5 |
| 29:23 | Create | Berserk ×3 |
| 29:45 | Research | Ballistics |
| 29:52 | Create | Skirmisher ×5 |
| 29:52 | Create | Skirmisher ×5 |
| 30:52 | Build | Castle |
| 31:00 | Research | Elite Skirmisher (upgrade) |
| 31:06 | Research | Padded Archer Armor |
| 31:32 | Research | Scale Mail Armor |
| 31:33 | Research | Forging |
| 31:58 | Create | Villager (Male) |
Build order — super duck
First 150 of 182 actions detected
| 0:48 | Build | Town Center |
| 2:12 | Build | House |
| 3:05 | Create | Villager (Male) ×4 |
| 4:08 | Build | Dock |
| 4:14 | Create | Villager (Male) |
| 4:15 | Create | Villager (Male) |
| 4:15 | Create | Villager (Male) |
| 4:50 | Create | Villager (Male) |
| 4:50 | Create | Villager (Male) |
| 4:50 | Create | Villager (Male) |
| 4:58 | Build | House |
| 5:24 | Create | Villager (Male) |
| 5:24 | Create | Villager (Male) |
| 5:49 | Create | Villager (Male) |
| 5:49 | Create | Villager (Male) |
| 6:19 | Create | Villager (Male) |
| 6:20 | Create | Villager (Male) |
| 6:20 | Create | Villager (Male) |
| 7:09 | Create | Villager (Male) ×2 |
| 7:12 | Create | Fishing Ship |
| 7:28 | Create | Villager (Male) |
| 7:28 | Create | Villager (Male) |
| 7:28 | Create | Villager (Male) |
| 7:43 | Create | Villager (Male) |
| 7:53 | Create | Fishing Ship |
| 8:18 | Build | House |
| 8:28 | Create | Villager (Male) |
| 8:42 | Create | Fishing Ship |
| 9:02 | Build | House |
| 9:11 | Create | Villager (Male) |
| 9:25 | Create | Fishing Ship |
| 9:37 | Create | Villager (Male) |
| 9:43 | Build | House |
| 9:57 | Create | Fishing Ship |
| 10:17 | Create | Villager (Male) |
| 10:26 | Create | Fishing Ship |
| 10:49 | Create | Villager (Male) |
| 11:02 | Build | Lumber Camp |
| 11:10 | Create | Villager (Male) |
| 11:19 | Create | Fishing Ship |
| 11:47 | Research | Feudal Age |
| 11:47 | Research | Feudal Age |
| 11:47 | Research | Feudal Age |
| 11:52 | Create | Fishing Ship |
| 12:25 | Build | House |
| 12:29 | Create | Villager (Male) |
| 13:09 | Create | Fishing Ship |
| 13:29 | Create | Villager (Male) |
| 13:36 | Create | Fishing Ship |
| 14:00 | Age | Feudal Age |
| 14:05 | Research | Double-Bit Axe |
| 14:13 | Build | Mining Camp |
| 14:21 | Create | Unit 2626 |
| 14:31 | Create | Villager (Male) |
| 14:44 | Create | Unit 2626 |
| 14:55 | Create | Villager (Male) |
| 15:12 | Build | House |
| 15:18 | Create | Villager (Male) |
| 15:22 | Research | Gold Mining |
| 15:32 | Create | Villager (Male) |
| 15:39 | Build | House |
| 15:44 | Build | House |
| 15:51 | Create | Villager (Male) |
| 16:15 | Research | Tech 906 |
| 16:30 | Build | Palisade Wall |
| 16:35 | Create | Villager (Male) |
| 16:57 | Build | Barracks |
| 17:02 | Create | Villager (Male) |
| 17:03 | Create | Villager (Male) |
| 17:53 | Build | Palisade Wall |
| 18:02 | Build | Stable |
| 18:04 | Create | Villager (Male) |
| 18:09 | Create | Fishing Ship |
| 18:46 | Create | Villager (Male) |
| 18:47 | Research | Loom |
| 18:54 | Create | Unit 2626 |
| 19:13 | Build | Blacksmith |
| 19:18 | Create | Scout Cavalry |
| 19:20 | Create | Villager (Male) |
| 19:30 | Create | Fishing Ship |
| 20:01 | Research | Castle Age |
| 20:12 | Build | House |
| 20:13 | Build | House |
| 20:14 | Build | House |
| 20:37 | Create | Unit 2626 |
| 20:39 | Create | Fire Galley |
| 21:44 | Create | Unit 2626 |
| 22:04 | Create | Villager (Male) |
| 22:41 | Age | Castle Age |
| 22:52 | Create | Villager (Male) |
| 22:53 | Create | Villager (Male) |
| 22:57 | Research | Bow Saw |
| 23:10 | Build | Town Center |
| 23:22 | Build | Mining Camp |
| 23:26 | Research | Gillnets |
| 23:27 | Research | War Galley (upgrade) |
| 23:41 | Create | Villager (Male) |
| 23:55 | Create | Villager (Male) |
| 24:15 | Build | Dock |
| 24:21 | Create | Unit 2626 |
| 24:21 | Create | Unit 2626 |
| 24:27 | Research | Forging |
| 24:34 | Research | Wheelbarrow |
| 24:38 | Create | Villager (Male) |
| 24:46 | Create | Scout Cavalry |
| 25:08 | Research | Stone Mining |
| 25:10 | Create | Villager (Male) |
| 25:18 | Create | Unit 2626 |
| 25:18 | Create | Unit 2626 |
| 25:18 | Create | Unit 2626 |
| 25:18 | Create | Unit 2626 |
| 25:19 | Create | Unit 2626 |
| 25:26 | Create | Villager (Male) |
| 25:26 | Create | Villager (Male) |
| 25:26 | Create | Villager (Male) |
| 25:34 | Build | Mill |
| 26:09 | Build | Dock |
| 26:12 | Create | Villager (Male) |
| 26:29 | Create | Villager (Male) |
| 26:29 | Create | Villager (Male) |
| 26:29 | Create | Villager (Male) |
| 26:43 | Build | Town Center |
| 26:48 | Create | Villager (Male) |
| 26:54 | Create | Spearman |
| 26:54 | Create | Spearman |
| 27:05 | Create | Unit 2626 ×5 |
| 27:12 | Create | Fire Galley |
| 27:12 | Create | Fire Galley |
| 27:14 | Create | Villager (Male) |
| 27:14 | Create | Villager (Male) |
| 27:32 | Create | Villager (Male) |
| 27:35 | Research | Iron Casting |
| 27:43 | Build | House |
| 28:28 | Create | Villager (Male) |
| 28:28 | Create | Villager (Male) |
| 28:29 | Create | Villager (Male) |
| 28:53 | Create | Villager (Male) |
| 29:02 | Create | Villager (Male) |
| 29:02 | Create | Villager (Male) |
| 29:16 | Create | Villager (Male) |
| 29:39 | Build | House |
| 29:40 | Build | House |
| 29:43 | Build | House |
| 29:44 | Build | House |
| 30:09 | Create | Villager (Male) |
| 30:09 | Create | Villager (Male) |
| 30:19 | Build | University |
| 30:23 | Create | Villager (Male) |
| 30:23 | Create | Villager (Male) |
| 30:24 | Create | Villager (Male) |
Match timeline
| 1:00 | alabataille · first_building Dock |
| 3:21 | S3r!ousLE3 · first_building Dock |
| 4:08 | super duck · first_building Dock |
| 5:29 | CamoTheWolf · first_building Dock |
| 7:24 | gazza17 · first_building Dock |
| 7:49 | Azula · wall_segment Palisade Wall x19 |
| 9:25 | S3r!ousLE3 · wall_segment Palisade Wall x5 |
| 9:28 | S3r!ousLE3 · wall_segment Palisade Wall x14 |
| 9:59 | zeos0708 · first_building Dock |
| 10:36 | Azula · first_building Barracks |
| 10:49 | NOYAN · first_building Dock |
| 13:25 | CamoTheWolf · wall_segment Palisade Wall x1 |
| 13:26 | gazza17 · first_building Barracks |
| 13:34 | gazza17 · wall_segment Palisade Wall x5 |
| 13:52 | S3r!ousLE3 · wall_segment Palisade Wall x9 |
| 13:53 | Azula · age_up feudal |
| 14:00 | super duck · age_up feudal |
| 14:19 | alabataille · age_up feudal |
| 14:37 | CamoTheWolf · first_building Barracks |
| 15:56 | NOYAN · age_up feudal |
| 15:56 | S3r!ousLE3 · age_up feudal |
| 16:02 | S3r!ousLE3 · wall_segment Palisade Wall x1 |
| 16:03 | S3r!ousLE3 · wall_segment Palisade Wall x1 |
| 16:20 | gazza17 · age_up feudal |
| 16:30 | super duck · wall_segment Palisade Wall x1 |
| 16:42 | gazza17 · first_building Archery Range |
| 16:57 | super duck · first_building Barracks |
| 17:03 | S3r!ousLE3 · wall_segment Palisade Wall x1 |
| 17:06 | S3r!ousLE3 · wall_segment Palisade Wall x1 |
| 17:08 | CamoTheWolf · age_up feudal |
| 17:11 | S3r!ousLE3 · wall_segment Palisade Wall x1 |
| 17:20 | gazza17 · first_building Stable |
| 17:24 | CamoTheWolf · first_building Stable |
| 17:31 | alabataille · first_market_sell 100 food |
| 17:49 | NOYAN · first_building Barracks |
| 17:53 | super duck · wall_segment Palisade Wall x1 |
| 18:02 | super duck · first_building Stable |
| 18:24 | alabataille · first_building Barracks |
| 18:33 | S3r!ousLE3 · first_building Barracks |
| 18:47 | zeos0708 · age_up feudal |
| 19:05 | S3r!ousLE3 · wall_segment Palisade Wall x10 |
| 19:10 | gazza17 · wall_segment Palisade Wall x10 |
| 19:13 | gazza17 · wall_segment Palisade Wall x7 |
| 19:40 | alabataille · first_building Archery Range |
| 19:53 | Azula · first_building Archery Range |
| 20:09 | CamoTheWolf · wall_segment Stone Wall x5 |
| 20:14 | alabataille · age_up castle |
| 20:51 | Azula · first_market_sell 100 wood |
| 20:59 | Azula · first_market_buy 100 stone |
| 21:02 | gazza17 · age_up castle |
| 21:06 | S3r!ousLE3 · age_up castle |
| 21:10 | zeos0708 · wall_segment Palisade Wall x4 |
| 21:25 | gazza17 · first_building Castle |
| 21:28 | Azula · age_up castle |
| 21:32 | zeos0708 · first_market_sell 100 wood |
| 22:01 | Azula · first_building Castle |
| 22:41 | super duck · age_up castle |
| 24:19 | zeos0708 · first_market_buy 100 food |
| 25:12 | NOYAN · first_market_sell 100 wood |
| 25:12 | NOYAN · age_up castle |
| 25:13 | NOYAN · first_market_buy 100 stone |
| 25:53 | S3r!ousLE3 · first_market_buy 100 food |
| 26:45 | NOYAN · first_building Castle |
| 26:54 | S3r!ousLE3 · wall_segment Stone Wall x1 |
| 26:59 | S3r!ousLE3 · wall_segment Stone Wall x1 |
| 27:00 | NOYAN · first_building Monastery |
| 27:02 | zeos0708 · age_up castle |
| 27:11 | zeos0708 · first_building Castle |
| 27:28 | S3r!ousLE3 · first_building Archery Range |
| 28:03 | Azula · wall_segment Stone Wall x9 |
| 28:14 | S3r!ousLE3 · resign |
| 28:43 | alabataille · first_building Siege Workshop |
| 29:00 | alabataille · first_building Castle |
| 30:26 | NOYAN · first_building Archery Range |
| 31:00 | Azula · wall_segment Stone Wall x10 |
| 32:15 | super duck · first_building Castle |
| 33:43 | gazza17 · wall_segment Stone Wall x13 |
| 33:49 | gazza17 · wall_segment Stone Wall x21 |
[ AI ANALYSIS · 1 CREDIT ]
What really happened in this match?
Wolo.gg analyzes every decision: build order, eco, micro, common mistakes by bracket. Personalized analysis on WhatsApp or Discord in 30 seconds.
Civ guide
Magyars
Perfil
Jugador #228017